Map: Tokamak LE

Players

ManlyManMeat

  • Race: Zerg Zerg
  • League: Diamond
  • Spawn Location: 1:00

VOD

Have the link to the VOD?

Description

Time

  • Played on: July 15, 2025, 8:45 a.m.
  • Length: 2:53
Show
View Real Time Build Order
Export as new Build Order

ManlyManMeat Zerg 

Build Orders:  

Get SALT Encoding   

  12  0:00  Drone  
  13  0:11  Drone  
  14  0:20  Extractor  
  14  0:22  Drone  
  15  0:30  Overlord  
  15  0:57  Drone  
  16  1:06  Hatchery  
  15  1:10  Drone  
  15  1:15  Drone  
  17  1:20  Drone  
  18  1:35  Extractor  
  17  1:44  Spawning Pool  
  17  1:47  Drone  
  17  1:51  Drone  
  18  2:00  Drone  
  19  2:15  Drone  
  20  2:30  Drone  
Tags
 
League
Diamond
Matchup
Co-op
Add a new tag
Caveats
  • Supply blocks, unpowered buildings, or Contaminate may cause inaccurate times.
  • Supply counts are checked every 10 seconds.